 Dungeon Crawl Stone Soup version 0.29-a0-845-g6161e89988 (webtiles) character file.

Game seed: 9528178624923377771

60743 kkgakdfjhgaksdf the Marksdemigod (level 14, -14/94 HPs)
             Began as a Demigod Artificer on July 15, 2022.
             Demolished by a death yak (19 damage)
             ... on level 6 of the Lair of Beasts.
             The game lasted 01:15:39 (22462 turns).

kkgakdfjhgaksdf the Marksdemigod (DgAr)            Turns: 22462, Time: 01:15:40

Health: -14/94     AC: 31    Str: 13    XL:     14   Next: 22%
Magic:  17/17      EV: 16    Int: 13    God:
Gold:   1926       SH:  0    Dex: 32    Spells: 3/13 levels left

rFire   . . .      SeeInvis .   O - +5 longbow (freeze)
rCold   . . .      Faith    .   (shield currently unavailable)
rNeg    . . .      Spirit   .   y - +8 chain mail of Piegasoc {Slay+2}
rPois   +          Reflect  .   f - +2 helmet
rElec   .          Harm     .   n - +2 cloak {Stlth+}
rCorr   .          Rampage  .   q - +2 pair of gloves
Will    +++..                   (no boots)
Stlth   ..........              Z - amulet of regeneration
HPRegen 1.05/turn               F - +4 ring of protection
MPRegen 0.15/turn               t - ring "Vecvob" {rPois Will++ EV+4 Dex+2 Stlth-}

@: no status effects
A: high MP 1, forlorn, divine attributes
a: no special abilities


You were on level 6 of the Lair of Beasts.
You visited 2 branches of the dungeon, and saw 20 of its levels.
You also visited: Sewer, Ossuary, Ice Cave and Volcano.

You collected 2501 gold pieces.
You spent 575 gold pieces at shops.

Inventory:

Hand Weapons
 s - the +8 sling of Death's Door {vorpal, Str+4}
   (You found it on level 4 of the Dungeon)

   Any ammunition fired from it inflicts extra damage upon your enemies.
   Str:       It affects your strength (+4).
 O - a +5 longbow of freezing (weapon)
Armour
 f - a +2 helmet (worn)
 n - a +2 cloak of stealth (worn)
 q - a +2 pair of gloves (worn)
 y - the +8 chain mail of Piegasoc (worn) {Slay+2}
   (You took it off an orc warrior on level 11 of the Dungeon)

   Slay:      It affects your accuracy & damage with ranged weapons and melee
   (+2).
Jewellery
 t - the ring "Vecvob" (right hand) {rPois Will++ EV+4 Dex+2 Stlth-}
   (You acquired it on level 13 of the Dungeon)

   [ring of evasion]

   EV:        It affects your evasion (+4).
   Dex:       It affects your dexterity (+2).
   rPois:     It protects you from poison.
   Will:      It greatly increases your willpower.
   Stlth:     It makes you less stealthy.
 E - a ring of flight
 F - a +4 ring of protection (left hand)
 T - a ring of protection from cold
 Z - an amulet of regeneration (around neck)
Wands
 b - a wand of roots (8)
 c - a wand of flame (26)
 d - a wand of charming (16)
 e - a wand of iceblast (6)
 u - a wand of digging (5)
 v - a wand of quicksilver (20)
 G - a wand of mindburst (7)
 V - a wand of polymorph (10)
Scrolls
 a - 4 scrolls of vulnerability
 g - 2 scrolls of poison
 i - 4 scrolls of blinking
 k - 3 scrolls of enchant armour
 l - 7 scrolls of teleportation
 m - 6 scrolls of fog
 C - 3 scrolls of immolation
 H - 4 scrolls of torment
 I - 7 scrolls of magic mapping
 J - 6 scrolls of amnesia {unknown}
 L - 2 scrolls of fear {unknown}
 M - 2 scrolls of summoning {unknown}
 S - 2 scrolls of silence {unknown}
 W - a scroll of brand weapon {unknown}
Potions
 o - 2 potions of magic {unknown}
 r - 8 potions of mutation
 w - 6 potions of might {unknown}
 x - 2 potions of brilliance {unknown}
 z - 5 potions of cancellation {unknown}
 A - 8 potions of curing {unknown}
 B - 4 potions of lignification
 K - 6 potions of flight
 N - a potion of resistance
 P - a potion of invisibility {unknown}
 Q - a potion of berserk rage {unknown}
 R - 7 potions of haste {unknown}
 Y - 2 potions of ambrosia {unknown}
Miscellaneous
 j - a lightning rod (2/4)
 p - a phantom mirror (inert)
 U - a phial of floods (inert)


   Skills:
 - Level 0.8 Fighting
 - Level 2.8 Short Blades
 + Level 16.9 Ranged Weapons
 * Level 4.1 Armour
 - Level 10.0 Dodging
 - Level 1.0 Stealth
 - Level 9.0 Transmutations
 - Level 10.0 Evocations


You had 3 spell levels left.
You knew the following spells:

 Your Spells              Type           Power      Damage    Failure   Level
a - Ensorcelled Hibernat  Hex/Ice        0%         N/A       100%        2
b - Wereblood             Tmut           23%        N/A       32%         2
c - Gell's Gravitas       Tloc           0%         N/A       100%        3
d - Ozocubu's Armour      Ice            0%         N/A       100%        3

Your spell library contained the following spells:

 Spells                   Type           Power      Damage    Failure   Level
 Beastly Appendage        Tmut           46%        N/A       22%         1
 Spider Form              Tmut/Pois      11%        N/A       99%         3
 Freeze                   Ice            0%         1d3       100%        1
 Static Discharge         Conj/Air       0%         3-3/arc   100%        2
 Sublimation of Blood     Necr           0%         N/A       100%        2
 Frozen Ramparts          Ice            0%         1d2       100%        3
 Teleport Other           Tloc           0%         N/A       100%        3
 Anguish                  Hex/Necr       0%         N/A       100%        4
 Animate Dead             Necr           0%         N/A       100%        4
 Dispel Undead            Necr           0%         3d6       100%        4
 Ice Form                 Ice/Tmut       11%        N/A       100%        4
 Leda's Liquefaction      Hex/Erth       0%         N/A       100%        4
 Petrify                  Tmut/Erth      11%        N/A       100%        4
 Sticky Flame             Conj/Fire      0%         2d3       100%        4
 Borgnjor's Vile Clutch   Necr/Erth      0%         N/A       100%        5
 Irradiate                Conj/Tmut      5%         3d13      100%        5
 Lee's Rapid Deconstruct  Erth           0%         3d5*      100%        5
 Death Channel            Necr           0%         N/A       100%        6
 Dispersal                Tloc           0%         N/A       100%        6
 Statue Form              Tmut/Erth      7%         N/A       100%        6
 Enfeeble                 Hex            0%         N/A       100%        7


Dungeon Overview and Level Annotations

Branches:
Dungeon (14/15)            Temple (0/1) D:6            Lair (6/6) D:8
 Shoals (0/4) Lair:4       Spider (0/4) Lair:4        Slime (0/5) Lair:6
    Orc (0/2) D:9           Sewer (visited)         Ossuary (visited)
  IceCv (visited)         Volcano (visited)
 Vaults: D:13-14

Shops:
D:6 =   D:11 *

Portals:
Trove: D:10 (give +4 shadow dragon scales)

Annotations:
D:1 exclusion: downstairs
D:8 exclusion: downstairs


Innate Abilities, Weirdness & Mutations

You have an increased reservoir of magic. (+10% MP)
You shall have no god before yourself.
Your divine heritage dramatically boosts your attributes as you level up.


Message History

Aim: a manticore (moderately wounded, 83% to hit)
You shoot an arrow. The arrow hits the manticore!!
The arrow freezes the manticore.
The manticore is severely wounded.
The manticore completely misses you.
The manticore claws you but does no damage.
The manticore claws you. The death yak gores you!
* * * LOW HITPOINT WARNING * * *
Okay, then.
Aiming: Thunderbolt
Press: ? - help, Shift-Dir - straight line, f/p - manticore
Aim: a manticore (severely wounded)
The thunderbolt hits the manticore!
You kill the manticore!
You carefully extract the barbed spikes from your body.
You hear a bleat!
The death yak completely misses you.
You hear a bleat!
You hear a bellow! x3
Okay, then.
Aiming: Mindburst
Press: ? - help, Shift-Dir - straight line, f - death yak
Aim: a death yak (moderately wounded, chance to affect: 30%)
Okay, then.
Aiming: Iceblast
Press: ? - help, Shift-Dir - straight line The mass of ice explodes!
The iceblast engulfs the death yak!!
The death yak is severely wounded.
The iceblast engulfs the fungus!!
The fungus begins to die.
The fungus is lightly damaged.
The death yak gores you!
* * * LOW HITPOINT WARNING * * *
Unknown command.
Aiming: Iceblast
Press: ? - help, Shift-Dir - straight line The mass of ice explodes!
The iceblast engulfs the death yak!
The death yak is almost dead.
The iceblast engulfs the fungus!!
The fungus is moderately damaged.
The death yak gores you!!
You die...

......!#......##
....##........# ....
....##..#.....# ...#
...####...########...
...P
#..#..##.......###
...
#......#...#....P##
...
#......#...#......#
...
#......###.#Y....#
....
####.......@....#
.... #.#P.†...P#.##
.... #####.P.### ....
##### ... #. # ###


You could see a death yak.

Vanquished Creatures
  Frances (D:13)
  Gastronok (Lair:3)
  The ghost of gdog the Covert, a journeyman GnDe of Gozag (D:11)
  The ghost of SirDiesAlot the Fetichist, a journeyman DEEE of Vehumet (Lair:5)
  A fire dragon (Volcano)
  A boulder beetle (D:12)
  Fannar (D:10)
  4 two-headed ogres
  3 centaur warriors (D:13)
  3 hydras
  An alligator (Lair:5)
  A death yak (Lair:6)
  Urug (Lair:1)
  Amaemon (Lair:1)
  2 bog bodies (IceCv)
  6 lindwurms
  An orc sorcerer (D:9)
  5 slime creatures
  5 manticores
  3 cyclopes
  2 elephants (Lair:6)
  A wolf spider (Lair:4)
  Joseph (D:9)
  2 black mambas
  An ice statue (IceCv)
  A torpor snail (Lair:6)
  Maurice (D:11)
  An orange demon (Lair:1)
  4 smoke demons (Volcano)
  6 cane toads
  A gargoyle (D:11)
  Maggie (D:8)
  3 kobold demonologists
  13 komodo dragons
  2 unseen horrors
  2 anaconda simulacra (IceCv)
  2 entropy weaver simulacra (IceCv)
  3 rime drakes
  5 trolls
  3 meliai (D:13)
  A wind drake (Lair:4)
  10 blink frogs
  Sigmund (D:6)
  A culicivora (Lair:4)
  4 jumping spiders (Lair:4)
  3 dire elephant simulacra (IceCv)
  7 wyverns
  2 wraiths
  A shadow (D:9)
  A vampire (D:10)
  Grum (D:11)
  41 yaks
  4 steam dragons
  4 basilisks
  4 redbacks (Lair:4)
  Menkaure (D:5)
  A harpy simulacrum (IceCv)
  9 vampire mosquitoes (D:13)
  A warg (D:11)
  3 acid dragons
  19 water moccasins
  6 black bears
  A sky beast (D:8)
  4 orc warriors
  2 ogres
  9 wolves
  4 centaurs
  A phantom (D:6)
  2 kobold brigands
  2 necrophages
  10 bullfrogs
  2 two-headed ogre simulacra (IceCv)
  A cane toad simulacrum (IceCv)
  4 scorpions
  13 wights
  An elephant simulacrum (IceCv)
  10 killer bees
  5 howler monkeys
  4 electric eels
  4 centaur zombies (Ossuary)
  6 orc priests
  A gnoll bouda (D:7)
  2 hounds
  A jelly (D:6)
  Ijyb (D:5)
  2 orc wizards
  3 iguanas
  4 polar bear simulacra (IceCv)
  3 troll simulacra (IceCv)
  7 spriggan simulacra (IceCv)
  3 ogre zombies (D:9)
  6 mummies (Ossuary)
  11 gnolls
  9 adders
  8 naga simulacra (IceCv)
  4 river rats (Sewer)
  18 white imps
  13 ufetubi
  2 worms
  30 orcs
  12 ball pythons
  6 endoplasms
  9 giant cockroaches
  15 goblins
  12 hobgoblins
  9 jackals
  24 kobolds
  5 quokkas
  13 bats
  6 frilled lizards
  A goblin zombie (D:9)
  A hobgoblin skeleton (D:9)
  6 hobgoblin zombies
  An orc skeleton (D:9)
  3 orc zombies (D:9)
  9 rats
568 creatures vanquished.

Vanquished Creatures (collateral kills)
  A yak (D:9)
  A shadow (D:9)
  2 troll zombies (D:9)
  An orc priest (D:9)
  2 ogre zombies (D:9)
  A hobgoblin (D:1)
  A jackal (D:1)
  A goblin (D:1)
  A goblin skeleton (D:9)
  A hobgoblin skeleton (D:9)
  An orc skeleton (D:9)
  9 orc zombies (D:9)
22 creatures vanquished.

Vanquished Creatures (others)
  A smoke demon (Volcano)
  An ogre zombie (D:9)
  An endoplasm (D:1)
  A jackal (D:1)
  A goblin skeleton (D:9)
  An orc skeleton (D:9)
  4 orc zombies (D:9)
  18 fungi
  35 plants
63 creatures vanquished.

Grand Total: 653 creatures vanquished

Notes
Turn   | Place    | Note
-------+----------+-------------------------------------------
     0 | D:1      | kkgakdfjhgaksdf the Demigod Artificer began the quest for
                  | the Orb.
     0 | D:1      | Reached XP level 1. HP: 15/15 MP: 3/3
    74 | D:1      | Reached skill level 1 in Short Blades
    74 | D:1      | Reached XP level 2. HP: 8/22 MP: 4/4
  1070 | D:1      | Reached XP level 3. HP: 25/27 MP: 5/5
  2101 | D:2      | Reached XP level 4. HP: 5/34 MP: 6/6
  3151 | D:3      | You fall into a shaft and drop 1 floor!
  3414 | D:4      | Identified the +8 sling of Death's Door {vorpal, Str+4}
  3474 | D:4      | Noticed an ogre
  3478 | D:4      | Killed an ogre
  3479 | D:4      | Reached skill level 2 in Ranged Weapons
  3479 | D:4      | Reached XP level 5. HP: 32/39 MP: 7/7
  3680 | D:4      | Reached skill level 3 in Ranged Weapons
  3737 | D:4      | Reached XP level 6. HP: 29/46 MP: 8/8
  4195 | D:4      | Reached skill level 1 in Dodging
  4195 | D:4      | Reached skill level 1 in Stealth
  4290 | D:5      | Entered Level 5 of the Dungeon
  4295 | D:5      | Found a sand-covered staircase.
  4296 | D:5      | Noticed Ijyb
  4301 | D:5      | Killed Ijyb
  4307 | Ossuary  | Entered an ossuary
  4312 | Ossuary  | Reached skill level 4 in Ranged Weapons
  4477 | D:5      | Reached XP level 7. HP: 51/51 MP: 9/9
  4531 | D:5      | Reached skill level 5 in Ranged Weapons
  4622 | D:5      | Noticed Menkaure
  4625 | D:5      | Killed Menkaure
  5152 | D:6      | Found Xaalitol's Jewellery Shop.
  5155 | D:6      | Noticed a wyvern
  5535 | D:6      | Found a staircase to the Ecumenical Temple.
  5557 | D:6      | Reached skill level 6 in Ranged Weapons
  5619 | D:6      | Reached XP level 8. HP: 58/58 MP: 10/10
  5687 | D:6      | Reached skill level 5 in Dodging
  5698 | D:6      | Reached skill level 7 in Ranged Weapons
  5709 | D:6      | Found a glowing drain.
  5718 | Sewer    | Entered a sewer
  6631 | D:6      | Noticed Sigmund
  6634 | D:6      | Killed Sigmund
  6635 | D:6      | Reached skill level 8 in Ranged Weapons
  7037 | D:7      | Reached XP level 9. HP: 57/63 MP: 11/11
  7485 | D:7      | Reached skill level 9 in Ranged Weapons
  7886 | D:8      | Reached skill level 10 in Ranged Weapons
  9095 | D:8      | Found a staircase to the Lair.
  9104 | D:8      | Noticed a komodo dragon
  9120 | D:8      | Killed a komodo dragon
  9121 | D:8      | Reached XP level 10. HP: 41/70 MP: 13/13
  9560 | D:8      | Noticed Maggie
  9579 | D:8      | Killed Maggie
  9580 | D:8      | Reached skill level 11 in Ranged Weapons
 10210 | D:9      | Noticed a two-headed ogre
 10307 | D:9      | Noticed an orc sorcerer
 10307 | D:9      | Found a transporter.
 10473 | D:9      | Reached skill level 12 in Ranged Weapons
 11104 | D:9      | Found a transporter.
 11217 | D:9      | Found a staircase to the Orcish Mines.
 11233 | D:9      | Killed a two-headed ogre
 11490 | D:9      | Noticed Joseph
 11500 | D:9      | Killed Joseph
 11501 | D:9      | Reached XP level 11. HP: 44/75 MP: 14/14
 11733 | D:10     | Entered Level 10 of the Dungeon
 11963 | D:9      | Learned a level 2 spell: Ensorcelled Hibernation
 12011 | D:10     | Noticed Fannar
 12038 | D:10     | Killed Fannar
 12282 | D:10     | Reached skill level 13 in Ranged Weapons
 12309 | D:10     | Noticed a two-headed ogre
 12316 | D:10     | Killed a two-headed ogre
 12332 | D:10     | Found a portal to a secret trove of treasure.
 12864 | D:11     | Found a runed translucent gate.
 12864 | D:11     | Found a runed translucent gate.
 12865 | D:11     | Found a runed translucent gate.
 12866 | D:11     | Identified the +8 chain mail of Piegasoc {Slay+2}
 12867 | D:11     | Noticed gdog's ghost (journeyman GnDe)
 12890 | D:11     | Noticed a two-headed ogre
 12902 | D:11     | Killed a two-headed ogre
 12903 | D:11     | Reached skill level 5 in Evocations
 13136 | D:11     | Found Ashreoc's Changing Room.
 13145 | D:11     | Noticed Grum
 13152 | D:11     | Killed Grum
 13158 | D:11     | Bought a potion of lignification for 48 gold pieces
 13158 | D:11     | Bought a book of Changes for 288 gold pieces
 13161 | D:11     | Learned a level 2 spell: Wereblood
 13207 | D:11     | Noticed Maurice
 13218 | D:11     | Killed Maurice
 13532 | D:11     | Identified the +0 flail of Luxury {pain, Int+2 Dex+2}
 13534 | D:11     | Noticed a two-headed ogre
 13541 | D:11     | Killed a two-headed ogre
 13542 | D:11     | Reached skill level 10 in Dodging
 13542 | D:11     | Reached skill level 1 in Transmutations
 14209 | D:12     | Noticed a boulder beetle
 14329 | D:12     | Reached skill level 14 in Ranged Weapons
 14388 | D:12     | Reached XP level 12. HP: 47/82 MP: 15/15
 14477 | D:12     | Killed a boulder beetle
 14899 | D:13     | Noticed a centaur warrior
 14927 | D:13     | Killed a centaur warrior
 14938 | D:13     | Identified a scroll of acquirement
 14940 | D:13     | Acquired the ring "Vecvob" {rPois Will++ EV+4 Dex+2 Stlth-}
 14999 | D:13     | Noticed a centaur warrior
 15006 | D:13     | Killed a centaur warrior
 15090 | D:13     | Found a frozen archway.
 15124 | IceCv    | Entered an ice cave
 15402 | IceCv    | Reached skill level 5 in Transmutations
 15789 | IceCv    | Reached skill level 15 in Ranged Weapons
 15815 | IceCv    | Got the Directory of the Iceberg
 16078 | D:13     | HP: 1/82 [meliai/divine providence (10)]
 16242 | D:13     | Noticed a centaur warrior
 16256 | D:13     | Killed a centaur warrior
 16357 | D:13     | Noticed Frances
 16379 | D:13     | Killed Frances
 16559 | Lair:1   | Entered Level 1 of the Lair of Beasts
 16692 | Lair:1   | Noticed Urug
 16701 | Lair:1   | Killed Urug
 16719 | Lair:1   | Noticed Amaemon
 16732 | Lair:1   | Killed Amaemon
 16745 | Lair:1   | Reached XP level 13. HP: 88/88 MP: 16/16
 17017 | Lair:1   | Found a dark tunnel.
 17026 | Volcano  | Entered a volcano
 18823 | Lair:3   | Noticed Gastronok
 18849 | Lair:3   | Killed Gastronok
 19464 | Lair:4   | Reached skill level 16 in Ranged Weapons
 19478 | Lair:4   | Learned a level 3 spell: Gell's Gravitas
 19482 | Lair:4   | Learned a level 3 spell: Ozocubu's Armour
 19579 | Lair:4   | Found a hole to the Spider Nest.
 19655 | Lair:4   | Reached skill level 10 in Evocations
 19798 | Lair:4   | Identified the +1 ring mail of the Vestibule of Hell {rF+
                  | Will+ rCorr Dex+3}
 20103 | D:9      | Identified the ring of Mysticism {rCorr Dex+3}
 20197 | D:9      | Found a transporter.
 20199 | D:9      | Found a transporter.
 20353 | D:9      | Found a staircase to the Orcish Mines.
 20646 | D:11     | Bought a wand of polymorph (4) for 89 gold pieces
 20646 | D:11     | Bought a potion of mutation for 128 gold pieces
 20646 | D:11     | Bought a wand of polymorph (1) for 22 gold pieces
 20706 | D:11     | Killed gdog's ghost
 21072 | Lair:4   | Reached XP level 14. HP: 94/94 MP: 17/17
 21343 | Lair:4   | Found a staircase to the Shoals.
 21579 | Lair:5   | Acquired 937 gold pieces
 21671 | Lair:5   | Identified the +2 plate armour of Slovenliness {rCorr Str+3
                  | Dex+4}
 21797 | Lair:5   | Found a runed translucent door.
 21811 | Lair:5   | Noticed SirDiesAlot's ghost (journeyman DEEE)
 22205 | Lair:5   | Killed SirDiesAlot's ghost
 22299 | Lair:6   | Entered Level 6 of the Lair of Beasts
 22299 | Lair:6   | Found a staircase to the Slime Pits.
 22461 | Lair:6   | HP: 4/94 [death yak (12)]
 22462 | Lair:6   | Demolished by a death yak

Illustrated notes

Levels and vault maps discovered:
D:1:      ncdulo_halloftheorcs, layout_rooms, minmay_tromino_v4_c
D:2:      layout_basic, serial_glass, glass_columns_a, glass_columns_a
D:3:      layout_basic, basic_ecumenical_altar
D:4:      layout_loops_cross, minmay_increasing_density
D:5:      layout_basic, nicolae_dithmenos_the_darkroom,
          mainiacjoe_overflow_concentric_impassable,
          nicolae_ossuary_entry_ruins, uniq_menkaure, uniq_ijyb
D:6:      layout_loops_cross, minmay_temple_entry_large_hall,
          portal_sewer_entry_f, serial_shops, shop, uniq_sigmund
D:7:      layout_rooms, serial_bayou, serial_bayou_lake_a, serial_bayou_pond_b,
          serial_bayou_pond_d, serial_bayou_crossing, serial_bayou_pond_a,
          st_stairs_5
D:8:      layout_loops_ring, nicolae_elyvilon_temple_path,
          mainiacjoe_overflow_catch_the_wave, due_lair_maze_entry_diamond,
          uniq_maggie
D:9:      gammafunk_wand_slinger, layout_basic, grunt_qazlal_clouds,
          zombieorc2_lemuel, uniq_joseph
D:10:     layout_roguey, mainiacjoe_overflow_brackets, kennysheep_mini,
          nicolae_trove_entry_free_sample, uniq_fannar
D:11:     layout_stronghold, biasface_ghost_orc_armoury,
          nicolae_transmutations_shop, uniq_grum, uniq_maurice
D:12:     layout_rooms, hangedman_decor_peaks_small
D:13:     layout_gridville, portal_ice_cave_entry_imps, uniq_frances
D:14:     minmay_the_grid_four_pointed_star
          [minmay_the_grid_triangle_9x9_checkered,
          minmay_the_grid_triangle_9x9_cache,
          minmay_the_grid_triangle_9x9_dagger,
          minmay_the_grid_triangle_9x9_empty,
          minmay_the_grid_prize_four_corners], layout_basic, erik_vaults_1,
          gauntlet_entry_generic, kennysheep_crisscross
Lair:1:   layout_cave_pods, lightli_volcano_entry_magma_tube,
          serial_bayou_shore_b, uniq_amaemon, uniq_urug
Lair:2:   layout_cave_pods, cheibrodos_lair_reptile_den, grunt_megastairs_2,
          infiniplex_staircase_pool_2
Lair:3:   layout_cave_shapes, infiniplex_staircase_pool, uniq_gastronok
Lair:4:   nzn_winding_woodlands_small [nzn_winding_woodlands_5x15_eye,
          nzn_winding_woodlands_center_triple_pond,
          nzn_winding_woodlands_5x15_zeroes], layout_gridlike,
          minmay_shoals_entry_beasts, nicolae_spider_entry_tight_spaces
Lair:5:   layout_concentric_octagons, ebering_ghost_inner_flame
Lair:6:   hangedman_lair_in_review, layout_misc_corridors,
          guppyfry_lair_end_dragon, slime_entry_1

Skill      XL: |  1  2  3  4  5  6  7  8  9 10 11 12 13 14 |
---------------+-------------------------------------------+-----
Short Blades   | 1 2 |  2.8
Evocations     | 3 4 6 8 10 | 10.0
Ranged Weapons | 2 3 4 6 8 10 12 14 15 16 | 16.9
Dodging        | 2 4 6 7 9 10 | 10.0
Stealth        | 1 |  1.0
Transmutations | 2 6 9 |  9.0
Armour         | 4 |  4.1
Fighting       | |  0.8

Action                   |  1- 3 |  4- 6 |  7- 9 | 10-12 | 13-15 || total
-------------------------+-------+-------+-------+-------+-------++-------
Melee: Dagger            |    35 |       |       |       |       ||    35
       Club              |     1 |       |       |       |       ||     1
       Short sword       |   113 |    98 |       |       |       ||   211
 Fire: Sling             |       |    88 |   309 |   952 |   642 ||  1991
       Longbow           |       |       |       |       |   106 ||   106
Throw: Dart              |       |       |       |    11 |       ||    11
Evoke: Wand              |    18 |       |     2 |    13 |     3 ||    36
       Lightning rod     |       |       |       |     6 |     8 ||    14
       Phial of floods   |       |       |       |       |     1 ||     1
       Phantom mirror    |       |       |       |       |     1 ||     1
  Use: Potion            |       |       |       |     5 |     1 ||     6
       Scroll            |       |       |       |    18 |     5 ||    23
 Stab: Sleeping          |     1 |     1 |       |       |       ||     2
Armor: Leather armour    |    39 |    40 |    14 |       |       ||    93
       Robe              |       |       |     4 |    78 |    50 ||   132
       Ring mail         |       |       |       |       |    18 ||    18
       Chain mail        |       |       |       |       |    59 ||    59
Dodge: Dodged            |    91 |    70 |    87 |   358 |   338 ||   944
Block: Other             |       |       |       |     3 |       ||     3

Table legend: (Time is in decaauts)
 A = Elapsed time spent in this place.
 B = Non-inter-level travel time spent in this place.
 C = Inter-level travel time spent in this place.
 D = Time resting spent in this place.
 E = Time spent auto-exploring this place.
 F = Levels seen in this place.
 G = Mean time per level.
                   A        B        C        D        E       F      G
               +--------+--------+--------+--------+--------+-----+--------+
         Total |  22332 |  20671 |   1661 |    593 |  15763 |  24 |  930.5 |
       Dungeon |  16072 |  14738 |   1334 |    572 |  11489 |  14 | 1148.0 |
          Lair |   4400 |   4074 |    326 |      0 |   3027 |   6 |  733.3 |
         Sewer |    714 |    714 |      0 |      0 |    611 |   1 |  714.0 |
       Ossuary |    108 |    108 |      0 |      0 |     41 |   1 |  108.0 |
      Ice Cave |    722 |    722 |      0 |      0 |    489 |   1 |  722.0 |
       Volcano |    313 |    313 |      0 |     21 |    105 |   1 |  313.0 |
               +--------+--------+--------+--------+--------+-----+--------+

Top non-repeatable levels by time:
     D:9: 2061 daAuts
     D:1: 1775 daAuts
    D:11: 1765 daAuts
     D:8: 1741 daAuts
     D:7: 1193 daAuts
     D:4: 1178 daAuts
     D:2: 1101 daAuts
     D:5: 985 daAuts
    D:10: 985 daAuts
  Lair:1: 960 daAuts
  Lair:2: 960 daAuts
     D:3: 941 daAuts
     D:6: 903 daAuts
  Lair:4: 883 daAuts
  Lair:5: 850 daAuts
